 Dungeon Crawl Stone Soup version 0.16-b1-50-gfa2055b (webtiles) character file.

595 prinygod the Magician (level 7, 43/46 HPs)
             Began as a Demonspawn Wizard on Mar 11, 2015.
             Quit the game on level 4 of the Dungeon.
             The game lasted 00:19:08 (4534 turns).

prinygod the Magician (Demonspawn Wizard)           Turns: 4534, Time: 00:19:08

Health: 43/46      AC:  6    Str:  7    XL:     7   Next: 17%
Magic:  12/19      EV: 12    Int: 22    God:
Gold:   160        SH:  0    Dex: 15    Spells: 5 memorised, 6 levels left

rFire  + . .     SeeInvis .     E - -2 rapier (curse)
rCold  . . .     Clarity  .     a - +0 robe
rNeg   . . .     SustAb   .     (no shield)
rPois  .         Gourm    .     w - +1 helmet
rElec  .         Spirit   .     m - +0 cloak
rCorr  .         Warding  .     A - +0 pair of gloves
rMut   .         Stasis   .     (no boots)
MR     +....                    (no amulet)
Stlth  ++........               u - ring of protection from magic
                                n - +4 ring of dexterity

@: somewhat resistant to hostile enchantments, unstealthy
A: talons 1, fire resistance 1, spiny 2
a: no special abilities


You were on level 4 of the Dungeon.
You were hungry.

You visited 1 branch of the dungeon, and saw 4 of its levels.

You collected 160 gold pieces.

Inventory:

Hand weapons
 i - a +0 short sword
 s - a +4 dagger of venom
 E - a cursed -2 rapier (weapon)
Missiles
 h - 6 curare-tipped needles
 q - 19 bolts of penetration
 y - 6 javelins (quivered)
Armour
 a - a +0 robe (worn)
 m - a +0 cloak (worn)
 w - a +1 helmet (worn)
 A - a +0 pair of gloves (worn)
Jewellery
 l - an uncursed ring of teleportation
 n - a +4 ring of dexterity (left hand)
 u - a ring of protection from magic (right hand)
 F - a +5 ring of intelligence {unknown}
Magical devices
 B - a wand of confusion (27)
Scrolls
 f - 2 scrolls of recharging
 o - a scroll of identify
 r - 2 scrolls of remove curse
 v - a scroll of teleportation
 z - 4 scrolls of amnesia
Potions
 b - a potion of mutation {unknown}
 e - 2 potions of agility {unknown}
 g - a potion of resistance {unknown}
 k - 2 potions of invisibility {unknown}
 p - a potion of brilliance {unknown}
 t - a potion of degeneration {unknown}
 x - 2 potions of poison {unknown}
 C - a potion of flight {unknown}
 D - 2 potions of curing {unknown}
Books
 c - a book of Minor Magic

   Spells                             Type                      Level
   a - Magic Dart                     Conjuration                  1
   b - Blink                          Translocation                2
   c - Call Imp                       Summoning                    2
   d - Repel Missiles                 Charms/Air                   2
   e - Slow                           Hexes                        2
   f - Conjure Flame                  Conjuration/Fire             3
   g - Mephitic Cloud                 Conjuration/Poison/Air       3
Comestibles
 d - 4 bread rations
 j - 3 fruits


   Skills:
 - Level 1.7 Dodging
 - Level 1.7 Stealth
 * Level 5.5 Spellcasting
 * Level 4.8 Conjurations
   Level 1.0 Summonings
 - Level 0.8 Translocations
 - Level 1.0 Fire Magic
 - Level 1.2 Air Magic
 + Level 1.6 Poison Magic


You had 6 spell levels left.
You knew the following spells:

 Your Spells              Type           Power        Failure   Level  Hunger
a - Magic Dart            Conj           ####         1%          1    None
b - Blink                 Tloc           N/A          12%         2    None
c - Repel Missiles        Chrm/Air       #.....       12%         2    None
d - Conjure Flame         Conj/Fire      ###.....     12%         3    ##.....
e - Mephitic Cloud        Conj/Pois/Air  ###.....     12%         3    ##.....


Dungeon Overview and Level Annotations

Branches:
Dungeon (4/15)
 Temple: D:4-7

Altars:
Dithmenos
Elyvilon

Annotations:
D:3 Grinder


Innate Abilities, Weirdness & Mutations

You have sharp toenails.
Your flesh is heat resistant.
You are mostly covered in sharp spines.


Message History

The orc is heavily wounded.
The orc barely misses you.
You hit the orc.
The orc is almost dead.
The orc misses you.
You completely miss the orc. Your kick misses the orc.
The orc is almost dead.
You kill the orc!
Things that are here:
a leather armour; an orc corpse
Things that are here:
an enchanted rapier; a leather armour; the human corpse of Eustachio
E - an enchanted rapier Wield which item (- for none, * to show all)? (? for menu, Esc to quit)
Your +4 dagger of venom stops dripping with poison.
It sticks to your hand!
E - a cursed -2 rapier (weapon)
Quiver which item? (- for none, * to show all) (? for menu, Esc to quit)
Okay, then.
Are you sure you want to abandon this character and quit the game? (Confirm with "yes".)

#.#...........###..
## # #.#.......##.##
.#..##.#.......#..#
..#.# #)........##
..... ##..##..##
...# .. #..# ...##.
###.## ......
#....####
...#>........##.@[.#
[.)........##
##.....# ...#. ...
........... ...# ..
#.####...### ......
... #.... ...#.. ##.
.... ...# . ## ..
..## . ..#


There were no monsters in sight!

Vanquished Creatures
  Eustachio (D:4)
  The ghost of Jark the Bolt Thrower, an average CeAM (D:3)
  A phantom (D:3)
  An orc priest (D:3)
  2 orc wizards
  4 adders
  2 worms (D:2)
  4 giant geckos
  12 orcs
  4 giant cockroaches
  11 goblins
  10 hobgoblins
  7 jackals
  2 ball pythons
  7 bats
  3 giant newts
  10 kobolds
  17 rats
99 creatures vanquished.

Notes
Turn   | Place    | Note
--------------------------------------------------------------
     0 | D:1      | prinygod, the Demonspawn Wizard, began the quest for the Orb.
     0 | D:1      | Reached XP level 1. HP: 13/13 MP: 4/4
   262 | D:1      | Gained mutation: You are partially covered in sharp spines. [demonic ancestry]
   262 | D:1      | Reached XP level 2. HP: 19/19 MP: 1/6
  1144 | D:2      | Gained mutation: Your flesh is heat resistant. [demonic ancestry]
  1144 | D:2      | Reached XP level 3. HP: 24/24 MP: 6/8
  1569 | D:2      | Found a shadowy altar of Dithmenos.
  1687 | D:2      | Learned a level 2 spell: Blink
  1690 | D:2      | Learned a level 2 spell: Repel Missiles
  1694 | D:2      | Learned a level 3 spell: Conjure Flame
  1774 | D:2      | Reached XP level 4. HP: 30/30 MP: 5/10
  2566 | D:3      | Noticed Grinder
  2631 | D:3      | Reached skill level 4 in Spellcasting
  2854 | D:3      | Reached skill level 1 in Fire Magic
  3671 | D:3      | Noticed Jark's ghost (average CeAM)
  3675 | D:3      | Killed Jark's ghost
  3675 | D:3      | Reached skill level 1 in Air Magic
  3675 | D:3      | Gained mutation: You are mostly covered in sharp spines. [demonic ancestry]
  3675 | D:3      | Reached XP level 5. HP: 24/35 MP: 5/14
  3898 | D:4      | Noticed a phantom
  3909 | D:3      | Reached XP level 6. HP: 32/41 MP: 5/16
  3938 | D:3      | Learned a level 3 spell: Mephitic Cloud
  4081 | D:3      | Killed a phantom
  4081 | D:3      | Reached skill level 5 in Spellcasting
  4189 | D:4      | Reached skill level 1 in Poison Magic
  4424 | D:4      | Found a white marble altar of Elyvilon.
  4515 | D:4      | Noticed Eustachio
  4524 | D:4      | Killed Eustachio
  4524 | D:4      | Gained mutation: You have sharp toenails. [demonic ancestry]
  4524 | D:4      | Reached XP level 7. HP: 42/46 MP: 11/19
  4534 | D:4      | Quit the game

Action                   |  1- 3 |  4- 6 |  7- 9 || total
-------------------------+-------+-------+-------++-------
Melee: Unarmed           |    22 |       |       ||    22
       Short sword       |    10 |    25 |       ||    35
       Dagger            |       |     3 |     4 ||     7
 Cast: Magic Dart        |    96 |   127 |       ||   223
       Conjure Flame     |       |     3 |       ||     3
       Blink             |       |     3 |       ||     3
       Mephitic Cloud    |       |     8 |       ||     8
  Use: Scroll            |     2 |     6 |       ||     8
 Stab: Sleeping          |       |     2 |       ||     2
       Confused          |       |     1 |       ||     1
  Eat: Chunk             |     2 |     7 |       ||     9
       Beef jerky        |       |     1 |       ||     1
